 Dungeon Crawl Stone Soup version 0.17.1-2-g5865329 (webtiles) character file.

107 Tomstefer the Firebug (level 4, -1/24 HPs)
             Began as a Gargoyle Fire Elementalist on Feb 10, 2016.
             Killed from afar by Sigmund (7 damage)
             ... with a wand of magic darts
             ... on level 2 of the Dungeon.
             The game lasted 00:09:07 (2824 turns).

Tomstefer the Firebug (Gargoyle Fire Elementalist)  Turns: 2824, Time: 00:09:07

Health: -1/24      AC:  6    Str: 12    XL:     4   Next: 86%
Magic:  9/9        EV: 12    Int: 19    God:
Gold:   165        SH:  0    Dex: 10    Spells: 1 memorised, 8 levels left

rFire  . . .     SeeInvis .     e - +0 whip
rCold  . . .     Clarity  .     a - +0 robe
rNeg   + . .     SustAt   .     (no shield)
rPois  ∞         Gourm    .     i - +0 helmet
rElec  +         Spirit   .     (no cloak)
rCorr  .         Warding  .     (no gloves)
rMut   .         Stasis   +     (no boots)
MR     .....                    k - amulet of stasis
Stlth  +.........               (no ring)
                                j - +3 ring of intelligence

@: confused, not resistant to hostile enchantments, very unstealthy
A: negative energy resistance 1, electricity resistance, unbreathing,
petrification resistance, rot immunity, AC +3
a: no special abilities


You were on level 2 of the Dungeon.
You were not hungry.

You visited 1 branch of the dungeon, and saw 2 of its levels.

You collected 165 gold pieces.

Inventory:

Hand Weapons
 e - a +0 whip (weapon)
Armour
 a - a +0 robe (worn)
 i - a +0 helmet (worn)
Jewellery
 d - an uncursed amulet of the gourmand {unknown}
 j - a +3 ring of intelligence (left hand)
 k - an amulet of stasis (around neck)
Scrolls
 h - a scroll of blinking {unknown}
 n - a scroll of enchant armour {unknown}
 o - a scroll of noise {unknown}
Potions
 l - a potion of curing {unknown}
Books
 b - a book of Flames

   Spells                             Type                      Level
   a - Flame Tongue                   Conjuration/Fire             1
   b - Throw Flame                    Conjuration/Fire             2
   c - Conjure Flame                  Conjuration/Fire             3
   d - Inner Flame                    Hexes/Fire                   3
   e - Sticky Flame                   Conjuration/Fire             4
   f - Fireball                       Conjuration/Fire             5
Comestibles
 c - a bread ration
 f - a meat ration
 g - a beef jerky
 m - a chunk of flesh


   Skills:
 - Level 1.5 Dodging
 - Level 2.1 Stealth
 * Level 3.4 Spellcasting
 + Level 2.7 Conjurations
 + Level 3.6 Fire Magic


You had 8 spell levels left.
You knew the following spells:

 Your Spells              Type           Power        Failure   Level  Hunger
a - Flame Tongue          Conj/Fire      ###..        4%          1    None


Dungeon Overview and Level Annotations

Branches:
Dungeon (2/15)

Altars:

Annotations:
D:2 Sigmund


Innate Abilities, Weirdness & Mutations

You are resistant to torment.
Your stone body is resilient (AC +3).
You are immune to poison.
You resist negative energy.
You are resistant to electric shocks.
You can survive without breathing.
You are immune to petrification.
You are immune to rotting.


Message History

Sigmund flickers and vanishes!
Deactivating autopickup; reactivate with Ctrl-A.
Memorise Conjure Flame, consuming 3 spell levels and leaving 5?
You start memorising the spell.
You continue memorising.
You hear a zap.
A magic dart appears from out of thin air!
Your memorisation is interrupted.
The magic dart hits you!
You hear a zap.
A magic dart appears from out of thin air!
The magic dart hits you!
* * * LOW HITPOINT WARNING * * *
A puff of flame appears from out of thin air!
The puff of flame hits you!
You are confused.
Something tries to affect you, but you resist.
You're too confused to move!
You hear a zap.
A magic dart appears from out of thin air!
The magic dart hits you!
You die...

#.# .## #.# # #.#
..# #.# ..#### #.#
...... #.# #@####
#.# #.# #.# #.#
#@###########.##
#......{..†..†.#
#######.#####.....
#.# #.##.# #.. #.#
# ##.# ### .# .#
.#


There were no monsters in sight!

Vanquished Creatures
  Ijyb (D:2)
  Robin (D:2)
  2 adders (D:2)
  2 oozes (D:1)
  A worm (D:2)
  7 bats
  9 goblins
  6 hobgoblins
  A giant cockroach (D:2)
  3 giant newts
  7 kobolds
  5 rats
45 creatures vanquished.

Vanquished Creatures (others)
  A goblin (D:2)
1 creature vanquished.

Grand Total: 46 creatures vanquished

Notes
Turn   | Place    | Note
--------------------------------------------------------------
     0 | D:1      | Tomstefer the Gargoyle Fire Elementalist began the quest for the Orb.
     0 | D:1      | Reached XP level 1. HP: 10/10 MP: 3/3
   796 | D:1      | Reached XP level 2. HP: 15/15 MP: 3/5
  1571 | D:2      | Reached XP level 3. HP: 19/19 MP: 4/6
  1762 | D:2      | Noticed Ijyb
  1781 | D:2      | Killed Ijyb
  1879 | D:2      | Reached XP level 4. HP: 24/24 MP: 5/8
  1889 | D:2      | Noticed Robin
  1907 | D:2      | Killed Robin
  2804 | D:2      | Noticed Sigmund
  2824 | D:2      | Killed from afar by Sigmund

Action                   |  1- 3 |  4- 6 || total
-------------------------+-------+-------++-------
Melee: Dagger            |    12 |    36 ||    48
 Cast: Flame Tongue      |    44 |    37 ||    81
  Use: Scroll            |       |     1 ||     1
  Eat: Chunk             |     3 |     3 ||     6
